 Dungeon Crawl Stone Soup version 0.32-a0-705-g60f233581c (webtiles) character file.

Game seed: 2028101350620060180

3000 BeKind the Blocker (level 9, 0/51 HPs)
             Began as an Octopode Ice Elementalist on Mar 14, 2024.
             Was an Initiate of Gozag.
             Slain by a two-headed ogre
             ... wielding a +0 dire flail
              (13 damage)
             ... on level 8 of the Dungeon.
             The game lasted 00:25:32 (9466 turns).

BeKind the Blocker (Octopode Ice Elementalist)      Turns: 9466, Time: 00:25:33

Health: 0/51       AC:  1    Str:  8    XL:     9   Next: 84%
Magic:  0/15       EV: 11    Int: 21    God:    Gozag
Gold:   816        SH: 11    Dex: 12    Spells: 7/16 levels left

rFire   . . .        d - +2 dagger (elec)
rCold   . . .        t - +1 kite shield {rPois}
rNeg    . . .        p - +0 hat
rPois   +            f - amulet of guardian spirit
rElec   .            s - ring of willpower
rCorr   .            (no ring)
SInv    .            (no ring)
Will    +....        (no ring)
Stlth   +++          (no ring)
HPRegen 0.28/turn    (no ring)
MPRegen 0.14/turn    (no ring)
                     (no ring)

%: guardian spirit
@: freezing walls
A: almost no armour, amphibious, 8 rings, camouflage 1, gelatinous body 1,
(nimble swimmer 1), tentacles
a: Renounce Religion, Potion Petition, Call Merchant, Bribe Branch


You were on level 8 of the Dungeon.
You worshipped Gozag.
Gozag was pleased with you.
You visited 2 branches of the dungeon, and saw 9 of its levels.

You collected 844 gold pieces.
You paid 28 gold pieces to Gozag.

Inventory:

Hand Weapons
 c - a +0 sling
 d - a +2 dagger of electrocution (weapon)
Armour
 p - a +0 hat (worn)
 t - a +1 kite shield of poison resistance (worn)
Jewellery
 f - an amulet of guardian spirit (around mantle)
 s - a ring of willpower (left tentacle)
Wands
 r - a wand of digging (4)
 y - a wand of flame (21)
Scrolls
 b - a scroll of identify
 h - 2 scrolls of enchant armour
 i - a scroll of amnesia
 m - 3 scrolls of noise
 v - a scroll of silence {unknown}
 w - a scroll of enchant weapon
Potions
 a - 2 potions of magic
 e - 2 potions of degeneration {unknown}
 g - a potion of berserk rage
 l - a potion of resistance {unknown}
 n - 2 potions of haste {unknown}
 q - a potion of enlightenment {unknown}
 u - 2 potions of mutation {unknown}
 x - 2 potions of curing {unknown}


   Skills:
 - Level 6.0 Ranged Weapons
 - Level 4.2 Dodging
 - Level 3.0 Stealth
 + Level 8.5 Shields
 - Level 4.0 Spellcasting
 - Level 5.0 Summonings
 - Level 5.0 Ice Magic


You had 7 spell levels left.
You knew the following spells:

 Your Spells              Type           Power      Damage    Failure   Level
a - Freeze                Ice            100%       1d10      6%          1
b - Frozen Ramparts       Ice            50%        1d8       17%         3
c - Summon Ice Beast      Ice/Summ       25%        N/A       17%         3
d - Call Imp              Summ           50%        N/A       9%          2

Your spell library contained the following spells:

 Spells                   Type           Power      Damage    Failure   Level
 Ozocubu's Armour         Ice            25%        N/A       17%         3
 Magic Dart               Conj           16%        1d3       41%         1
 Sting                    Conj/Alch      16%        1d4       41%         1
 Blink                    Tloc           8%         N/A       56%         2
 Jinxbite                 Hex            8%         N/A       56%         2
 Mercury Vapours          Alch/Air       8%         N/A       56%         2
 Fugue of the Fallen      Necr           4%         N/A       80%         3
 Anguish                  Hex/Necr       2%         N/A       99%         4
 Cause Fear               Hex            2%         N/A       99%         4
 Olgreb's Toxic Radiance  Alch           4%         N/A       99%         4
 Borgnjor's Vile Clutch   Necr/Erth      2%         N/A       100%        5
 Enfeeble                 Hex            2%         N/A       100%        7


Dungeon Overview and Level Annotations

Branches:
Dungeon (8/15)             Temple (1/1) D:4
   Lair: D:8-11

Altars:
Ashenzari
Cheibriados
Dithmenos
Elyvilon
Fedhas
Gozag
Hepliaklqana
Kikubaaqudgha
Makhleb
Nemelex Xobeh
Okawaru
Qazlal
Ru
Sif Muna
Trog
Uskayaw
Vehumet
Wu Jian
Yredelemnul
Zin
The Shining One


Innate Abilities, Weirdness & Mutations

You cannot wear most types of armour.
You are amphibious.
You can wear up to eight rings at the same time.
Your skin changes colour to match your surroundings (Stealth+).
Your rubbery body absorbs attacks. (AC +1, EV +1)
((You are camouflaged when in or above water. (Stealth+)))
You have tentacles for arms and can constrict up to eight enemies at once.


Message History

Casting: Freeze (safe; 6% risk of failure)
Confirm with . or Enter, or press ? or * to list all spells.
You don't know that spell.
Unknown command.
Casting: Freeze (safe; 6% risk of failure)
Confirm with . or Enter, or press ? or * to list all spells.
A chill wind blows around you.
Casting: Summon Ice Beast (dangerous; 17% risk of failure)
Confirm with . or Enter, or press ? or * to list all spells.
Casting: Frozen Ramparts (dangerous; 17% risk of failure)
Press: ? - help, Dir - look around, f - activate The walls around you are covered in ice.
The wall freezes the two-headed ogre!
Your ice beast hits the two-headed ogre but does no damage.
Casting: Frozen Ramparts (dangerous; 17% risk of failure)
Confirm with . or Enter, or press ? or * to list all spells.
A tiny devil pulls itself out of the air.
The wall freezes the two-headed ogre.
The two-headed ogre closely misses you.
The two-headed ogre hits you with a +0 giant club!!
Your ice beast hits the two-headed ogre.
Your ice beast freezes the two-headed ogre!
You hit the two-headed ogre.
The two-headed ogre is heavily wounded.
The wall freezes the two-headed ogre but does no damage.
The two-headed ogre hits you with a +0 dire flail!!
* * * LOW HITPOINT WARNING * * *
You block the two-headed ogre's attack.
Your ice beast hits the two-headed ogre.
Your ice beast freezes the two-headed ogre!
You hit the two-headed ogre but do no damage.
You squeeze the two-headed ogre!
The two-headed ogre is almost dead.
Your cerulean imp hits the two-headed ogre but does no damage.
Your ice beast closely misses the two-headed ogre.
The wall freezes the two-headed ogre but does no damage.
The two-headed ogre hits you with a +0 dire flail.
* * * LOW HITPOINT WARNING * * *
The two-headed ogre hits you with a +0 giant club!
You die...
Your body crumbles into a pile of gold.

....... ......
..... ...# [.#
##.# #^.## ##5<#
. #.@####..#
...## #YO......#
......#.#........
........##.......
........# ..##...
.......## ..# #.
.........O.....
#.#
#.............#
.. ##............
###


You could see a two-headed ogre (ally target), a friendly ice beast (summoned)
and a friendly cerulean imp (summoned).

Vanquished Creatures
  A hornet (D:7)
  A water moccasin (D:7)
  2 ogres (D:5)
  A phantom (D:5)
  A gnoll sergeant (D:6)
  A scorpion (D:5)
  6 wights
  6 killer bees (D:7)
  4 jellies
  A bombardier beetle (D:5)
  A gnoll bouda (D:7)
  2 sleepcaps
  4 iguanas
  11 gnolls
  8 adders
  2 dart slugs
  2 ribbon worms
  9 orcs
  9 ball pythons
  10 endoplasms
  3 giant cockroaches
  7 goblins
  11 hobgoblins
  4 jackals (D:2)
  6 kobolds
  6 quokkas
  5 bats
  9 frilled lizards (D:1)
  6 rats
139 creatures vanquished.

Vanquished Creatures (collateral kills)
  2 wyverns
  A steam dragon (D:7)
  2 ogres
  2 kobold brigands
  A gnoll sergeant (D:7)
  4 wights
  A gnoll bouda (D:7)
  An orc wizard (D:5)
  9 gnolls
  An adder (D:6)
  A white imp (D:7)
  An orc (D:6)
  5 kobolds
31 creatures vanquished.

Vanquished Creatures (others)
  An orc wizard (D:6)
  A kobold (D:6)
2 creatures vanquished.

Grand Total: 172 creatures vanquished

Notes
Turn   | Place    | Note
-------+----------+-------------------------------------------
     0 | D:1      | BeKind the Octopode Ice Elementalist began the quest for
                  | the Orb.
     0 | D:1      | Reached XP level 1. HP: 11/11 MP: 3/3
   129 | D:1      | Reached XP level 2. HP: 17/17 MP: 5/5
   251 | D:1      | Found a faded altar of an unknown god.
   265 | D:1      | Reached skill level 1 in Ranged Weapons
   571 | D:1      | Reached XP level 3. HP: 11/21 MP: 6/6
   960 | D:1      | Learned a level 3 spell: Frozen Ramparts
  1262 | D:2      | Reached XP level 4. HP: 27/27 MP: 8/8
  1266 | D:2      | Learned a level 3 spell: Summon Ice Beast
  2034 | D:2      | Reached skill level 1 in Summonings
  2301 | D:3      | Reached XP level 5. HP: 31/31 MP: 9/9
  3036 | D:4      | Noticed a wyvern
  3263 | D:4      | Found a staircase to the Ecumenical Temple.
  3294 | Temple   | Entered the Ecumenical Temple
  3303 | Temple   | Became a worshipper of Gozag Ym Sagoz the Greedy
  3644 | D:4      | Reached XP level 6. HP: 36/36 MP: 4/10
  3906 | D:4      | Killed a wyvern
  4237 | D:5      | Entered Level 5 of the Dungeon
  4444 | D:5      | Reached XP level 7. HP: 12/41 MP: 8/12
  4795 | D:5      | Learned a level 2 spell: Call Imp
  4850 | D:5      | Reached skill level 5 in Ice Magic
  5453 | D:5      | Reached skill level 5 in Ranged Weapons
  5453 | D:5      | Reached XP level 8. HP: 38/46 MP: 9/14
  6215 | D:6      | Reached skill level 5 in Summonings
  6591 | D:6      | Reached skill level 1 in Shields
  6727 | D:6      | Reached skill level 2 in Shields
  7297 | D:7      | Reached skill level 3 in Shields
  7428 | D:7      | Reached XP level 9. HP: 48/51 MP: 8/15
  7576 | D:7      | Reached skill level 4 in Shields
  7824 | D:7      | Reached skill level 5 in Shields
  8424 | D:7      | Reached skill level 6 in Shields
  8696 | D:7      | Noticed a hornet
  8698 | D:7      | Paralysed by a hornet for 1 turns
  8706 | D:7      | Killed a hornet
  8707 | D:7      | Reached skill level 7 in Shields
  8711 | D:7      | HP: 1/51 [killer bee (2)]
  8828 | D:7      | Got Uxuduipt's Lectures on Predestined Open Graves
  8844 | D:7      | Reached skill level 8 in Shields
  9384 | D:8      | Noticed a two-headed ogre
  9466 | D:8      | Slain by a two-headed ogre

Illustrated notes

Levels and vault maps discovered:
D:1:      wander_arrival_lonely_grave, layout_loops_ring,
          chequers_ecumenical_altar_simple_redux, minmay_lizard_king
D:2:      layout_basic
D:3:      cheibrodos_old_hovel, layout_basic, st_stairs_7, serial_park_tiny_1
D:4:      layout_gridville, minmay_temple_entry_slanted
D:5:      layout_rooms
D:6:      wander_river, layout_basic, grunt_ministairs_11,
          chequers_serial_rivers_small_3
D:7:      layout_loops_ring, chequers_serial_rivers_micro_a, eino_curves_03
D:8:      layout_cave_pools, dpeg_lair_monsters
Temple:   grunt_wide_crystal_templ

Skill      XL: |  1  2  3  4  5  6  7  8  9 |
---------------+----------------------------+-----
Stealth        | 3 |  3.0
Ranged Weapons | 1 2 3 4 5 6 |  6.0
Spellcasting   | 3 4 |  4.0
Summonings     | 1 2 3 5 |  5.0
Ice Magic      | 5 |  5.0
Dodging        | 4 |  4.2
Shields        | 3 8 |  8.5

Action                     |  1- 3 |  4- 6 |  7- 9 || total
---------------------------+-------+-------+-------++-------
  Melee: Unarmed           |     2 |       |       ||     2
         Constrict         |     1 |       |     7 ||     8
         Dagger            |       |       |    35 ||    35
         Tentacles         |       |       |     8 ||     8
   Fire: Sling             |   101 |   190 |   183 ||   474
   Cast: Freeze            |     7 |    10 |    15 ||    32
         Frozen Ramparts   |     4 |    14 |    31 ||    49
         Summon Ice Beast  |       |     7 |    47 ||    54
         Call Imp          |       |       |    17 ||    17
    Use: Scroll            |       |     2 |     8 ||    10
         Potion            |       |       |     4 ||     4
 Armour: Skin              |    26 |    56 |    74 ||   156
  Dodge: Dodged            |    20 |    63 |    78 ||   161
  Block: Kite shield       |       |       |    30 ||    30

Table legend: (Time is in decaauts)
 A = Elapsed time spent in this place.
 B = Non-inter-level travel time spent in this place.
 C = Inter-level travel time spent in this place.
 D = Time resting spent in this place.
 E = Time spent auto-exploring this place.
 F = Levels seen in this place.
 G = Mean time per level.
                   A        B        C        D        E       F      G
               +--------+--------+--------+--------+--------+-----+--------+
         Total |   9582 |   9149 |    433 |   1473 |   6046 |   9 | 1064.7 |
       Dungeon |   9563 |   9146 |    417 |   1473 |   6046 |   8 | 1195.4 |
        Temple |     18 |      2 |     16 |      0 |      0 |   1 |   18.0 |
               +--------+--------+--------+--------+--------+-----+--------+

Top non-repeatable levels by time:
     D:7: 2423 daAuts
     D:4: 1960 daAuts
     D:2: 1270 daAuts
     D:5: 1167 daAuts
     D:1: 1069 daAuts
     D:6: 971 daAuts
     D:3: 663 daAuts
     D:8: 37 daAuts
  Temple: 18 daAuts
